 Dungeon Crawl Stone Soup version 0.27-a0-320-g81d27af2d4 (webtiles) character file.

Game seed: 10446495849205875877

2 wakim the Stinger (level 1, 0/11 HPs)
             Began as an Octopode Venom Mage on Feb 11, 2021.
             Slain by a jackal (2 damage)
             ... on level 1 of the Dungeon.
             The game lasted 00:01:11 (76 turns).

wakim the Stinger (Octopode Venom Mage)               Turns: 76, Time: 00:01:11

Health: 0/11       AC:  1    Str:  7    XL:     1   Next: 40%
Magic:  1/3        EV: 13    Int: 17    God:
Gold:   0          SH:  0    Dex: 12    Spells: 3/4 levels left

rFire    . . .     SeeInvis .   (no weapon)
rCold    . . .     Faith    .   (no shield)
rNeg     . . .     Spirit   .   (helmet restricted)
rPois    .         Reflect  .   (no amulet)
rElec    .         Harm     .   (no ring)
rCorr    .         Rampage  .   (no ring)
Will     .....                  (no ring)
Stlth    +++.......             (no ring)
HPRegen  0.03/turn              (no ring)
MPRegen  0.08/turn              (no ring)
                                (no ring)
                                (no ring)

@: no status effects
A: almost no armour, stealthy swim, amphibious, 8 rings, constrict 8, camouflage
1, gelatinous body 1
a: no special abilities


You were on level 1 of the Dungeon.
You visited 1 branch of the dungeon, and saw 1 of its levels.

You aren't carrying anything.


   Skills:
 - Level 2.0 Dodging
 - Level 2.6 Stealth
 + Level 0.1 Unarmed Combat
 * Level 2.0 Spellcasting
 - Level 1.0 Transmutations
 * Level 3.7 Poison Magic


You had 3 spell levels left.
You knew the following spells:

 Your Spells              Type           Power        Failure   Level
a - Sting                 Tmut/Pois      36%          8%          1

Your spell library contained the following spells:

 Spells                   Type           Power        Failure   Level
 Poisonous Vapours        Pois/Air       16%          14%         2
 Ignite Poison            Fire/Tmut/Pois 7%           30%         3
 Mephitic Cloud           Conj/Pois/Air  6%           34%         3
 Olgreb's Toxic Radiance  Pois           14%          38%         4


Dungeon Overview and Level Annotations

Branches:
Dungeon (1/15)

Altars:


Innate Abilities, Weirdness & Mutations

You cannot wear most types of armour.
You are very stealthy in the water. (Stealth+)
You are amphibious.
You can wear up to eight rings at the same time.
You can use your tentacles to constrict eight enemies at once.
Your skin changes colour to match your surroundings (Stealth+).
Your rubbery body absorbs attacks. (AC +1, EV +1)


Message History

The jackal bites you but does no damage.
The jackal struggles to escape constriction.
You tentacle-slap the jackal.
The jackal is almost dead.
You constrict the jackal, but do no damage.
The jackal closely misses you. x2
The jackal pauses to sniff the ground.
The jackal barely misses you.
You tentacle-slap the jackal but do no damage.
The jackal is almost dead.
You constrict the jackal, but do no damage.
The jackal misses you. The jackal bites you.
You tentacle-slap the jackal but do no damage.
The jackal is almost dead.
You constrict the jackal, but do no damage.
The jackal escapes!
The jackal closely misses you. The jackal bites you. x2
* * * LOW HITPOINT WARNING * * *
You tentacle-slap the jackal. Your grab misses the jackal.
The jackal is moderately wounded.
You kill the jackal!
The jackal completely misses you. x2; The jackal barely misses you.
The jackal barely misses you. x2
The jackal barely misses you. The jackal closely misses you.
You are too injured to fight recklessly!
You tentacle-slap the jackal but do no damage.
Your grab misses the jackal.
The jackal is heavily wounded.
The jackal barely misses you.
You tentacle-slap the jackal. Your grab misses the jackal.
The jackal is severely wounded.
The jackal bites you.
* * * LOW HITPOINT WARNING * * *
The jackal misses you. x2
You tentacle-slap the jackal but do no damage.
You grab the jackal.
The jackal is severely wounded.
You constrict the jackal, but do no damage.
The jackal closely misses you. The jackal bites you.
You die...

.###.........#
>..'.........+
#.........##
##...####.†#
#.### ##.### ...
#...# ### ##..#
#######hh#
#......@h#
#.......##
#.##.÷.## #####
#.##...# .....
#......## #.....
#.......###.....
#####...##...#
##.......#
#......##


You could see 3 jackals.

Vanquished Creatures
  A hobgoblin (D:1)
  A jackal (D:1)
2 creatures vanquished.

Notes
Turn   | Place    | Note
-------+----------+-------------------------------------------
     0 | D:1      | wakim the Octopode Venom Mage began the quest for the Orb.
     0 | D:1      | Reached XP level 1. HP: 11/11 MP: 3/3
    76 | D:1      | Slain by a jackal

Illustrated notes

Levels and vault maps discovered:
D:1:      amcnicky_arrival_wind_blow, layout_basic,
          hangedman_decor_clover_reticule, evilmike_ruin_ashenzari

Action                   || total
-------------------------++-------
Melee: Unarmed           ||     9
       Constrict         ||     2
 Cast: Sting             ||     5
Armor: Skin              ||     2
Dodge: Dodged            ||    19

Table legend: (Time is in decaauts)
 A = Elapsed time spent in this place.
 B = Non-inter-level travel time spent in this place.
 C = Inter-level travel time spent in this place.
 D = Time resting spent in this place.
 E = Time spent auto-exploring this place.
 F = Levels seen in this place.
 G = Mean time per level.
                   A        B        C        D        E       F      G
               +--------+--------+--------+--------+--------+-----+--------+
         Total |     76 |     76 |      0 |     21 |      2 |   1 |   76.0 |
       Dungeon |     76 |     76 |      0 |     21 |      2 |   1 |   76.0 |
               +--------+--------+--------+--------+--------+-----+--------+

Top non-repeatable levels by time:
     D:1: 76 daAuts
